 Dungeon Crawl Stone Soup version 0.25-a0-302-g9f758675c1 (webtiles) character file.

Game seed: 16782723068167203225, levelgen mode: deterministic

57 Gargoyl the Skirmisher (level 3, 0/31 HPs)
             Began as a Centaur Abyssal Knight on Dec 20, 2019.
             Was a Follower of Lugonu.
             Killed by divine providence
             ... invoked by an orc priest
              (13 damage)
             ... on level 3 of the Dungeon.
             The game lasted 00:02:57 (2011 turns).

Gargoyl the Skirmisher (Centaur Abyssal Knight)     Turns: 2011, Time: 00:02:57

Health: 0/31       AC:  6    Str: 14    XL:     3   Next: 73%
Magic:  4/4        EV:  7    Int: 11    God:    Lugonu [*.....]
Gold:   103        SH:  0    Dex:  9    Spells: 2/2 levels left

rFire    . . .     SeeInvis .   a - +1 hand axe
rCold    . . .     Gourm    .   (no shield)
rNeg     . . .     Faith    .   h - +0 scale mail
rPois    .         Spirit   .   (no helmet)
rElec    .         Reflect  .   (no cloak)
rCorr    .         Harm     .   (no gloves)
MR       .....                  (no barding)
Stlth    ..........             (no amulet)
HPRegen  0.10/turn              (no ring)
MPRegen  0.09/turn              (no ring)

@: very quick
A: large, hooves 3, deformed body, speed 2, tough skin 3
a: Depart the Abyss, Renounce Religion


You were on level 3 of the Dungeon.
You worshipped Lugonu.
Lugonu was aware of your devotion.
You were not hungry.

You visited 1 branch of the dungeon, and saw 3 of its levels.
You visited the Abyss 1 time.

You collected 103 gold pieces.

Inventory:

Hand Weapons
 a - a +1 hand axe (weapon)
Armour
 b - a +0 leather armour
 h - a +0 scale mail (worn)
Scrolls
 i - a scroll of fog {unknown}
 k - 2 scrolls of identify
 l - a scroll of immolation {unknown}
Potions
 d - a potion of curing
 e - 2 potions of heal wounds
 f - a potion of lignification {unknown}
 g - 5 potions of agility {unknown}
 j - a potion of berserk rage {unknown}
 m - a potion of brilliance {unknown}
Comestibles
 c - 4 rations


   Skills:
 + Level 3.4 Fighting
 + Level 2.3 Axes
 * Level 2.0 Armour
 * Level 1.1 Dodging
 * Level 2.4 Invocations


You had 2 spell levels left.
You didn't know any spells.
Your spell library was empty.

Dungeon Overview and Level Annotations

Branches:
Dungeon (3/15)

Altars:

Annotations:
D:2 Sigmund


Innate Abilities, Weirdness & Mutations

You have hooves in place of feet.
Armour fits poorly on your strangely shaped body.
You cover ground very quickly.
You have extremely tough skin. (AC +3)


Message History

You hit the orc.
You kill the orc!
Lugonu accepts your kill.
Your Armour skill increases to level 2!
The orc priest looks satisfied for a moment.
The orc priest hits you but does no damage.
Things that are here:
a cursed -2 whip; a +0 ring mail; an orc corpse You hit the orc priest.
The orc priest is lightly wounded.
The orc priest invokes the aid of Beogh against you.
Beogh smites you!
You slash the orc priest!
The orc priest is almost dead.
The orc priest barely misses you.
You hit the orc priest.
The orc priest is almost dead.
The orc priest mumbles some strange prayers to Beogh against you.
Beogh smites you!
You die...

####### #.....# #(###.#
###########.# #.#
..........#.# #.#
..........#.###.###########
..........#.#..o@.(........
..>.......#.#.#.###########
..........#.#.#.#
............#.#.#
..........###[#.#
............#.#.#
##########.##.#.#
#............#.#
#...(.....####.#


You could see an orc priest.

Vanquished Creatures
  An adder (D:2)
  A dart slug (D:2)
  A worm (D:2)
  An orc (D:3)
  3 bats
  2 giant cockroaches
  7 goblins
  7 hobgoblins
  4 jackals
  2 frilled lizards (D:1)
  5 kobolds
  4 rats
38 creatures vanquished.

Notes
Turn   | Place    | Note
-------+----------+-------------------------------------------
     0 | Abyss:1  | Gargoyl the Centaur Abyssal Knight began the quest for the
                  | Orb.
     0 | Abyss:1  | Reached XP level 1. HP: 19/19 MP: 2/2
   122 | Abyss:1  | Noticed a large abomination
   127 | Abyss:1  | Noticed a large abomination
   129 | Abyss:1  | Noticed a wretched star
   160 | Abyss:1  | Noticed a vampire mage
   161 | D:1      | Escaped the Abyss
   391 | D:1      | Reached * piety under Lugonu
   400 | D:1      | Reached XP level 2. HP: 20/26 MP: 3/3
   884 | D:2      | Noticed Sigmund
  1423 | D:2      | Reached skill level 1 in Dodging
  1423 | D:2      | Reached XP level 3. HP: 23/31 MP: 4/4
  2011 | D:3      | Killed from afar by an orc priest

Levels and vault maps discovered:
D:1:      lemuel_arrival_river_ford, layout_rooms, skrybe_limestone_x,
          minmay_pentomino_r2
D:2:      layout_basic, uniq_sigmund
D:3:      layout_basic, gammafunk_ghost_stat_death, uniq_terence

Skill      XL: |  1  2  3 |
---------------+----------+-----
Axes           | 2 |  2.3
Dodging        | 1 |  1.1
Armour         | 2 |  2.0
Fighting       | |  3.4
Invocations    | |  2.4

Action                   || total
-------------------------++-------
Melee: Hand axe          ||   106
       Kick              ||     9
Invok: Depart the Abyss  ||     1
  Use: Scroll            ||     1
       Potion            ||     1
  Eat: Chunk             ||     3
Armor: Leather armour    ||     8
       Scale mail        ||    52
Dodge: Dodged            ||    57

Table legend:
 A = Non-vault XP
 B = Vault XP
 C = Vault XP percentage of total XP
 D = Non-vault monster count
 E = Vault monster count
 F = Vault count percentage of total count
                 A         B        C        D         E       F
            +---------+---------+-------+---------+---------+-------
      Total |      78 |       4 |   4.9 |      36 |       2 |   5.3
            +---------+---------+-------+---------+---------+-------
        D:1 |      29 |       4 |  12.1 |      18 |       2 |  10.0
        D:2 |      33 |       0 |   0.0 |      10 |       0 |   0.0
        D:3 |      16 |       0 |   0.0 |       8 |       0 |   0.0
            +---------+---------+-------+---------+---------+-------
